 Dungeon Crawl Stone Soup version 0.28.0-1-gb440e238dd (webtiles) character file.

Game seed: 7335450930282902132

34 Fallenstar the Shield-Bearer (level 3, -3/33 HPs)
             Began as a Minotaur Fighter on Feb 19, 2022.
             Slain by a gnoll (10 damage)
             ... on level 2 of the Dungeon.
             The game lasted 00:03:28 (821 turns).

Fallenstar the Shield-Bearer (Minotaur Fighter)      Turns: 821, Time: 00:03:29

Health: -3/33      AC:  8    Str: 22    XL:     3   Next: 14%
Magic:  2/2        EV:  9    Int:  5    God:
Gold:   39         SH:  4    Dex:  9    Spells: 2/2 levels left

rFire   . . .      SeeInvis .   a - +0 war axe
rCold   . . .      Faith    .   c - +0 buckler
rNeg    . . .      Spirit   .   b - +0 scale mail
rPois   .          Reflect  .   (helmet restricted)
rElec   .          Harm     .   e - +0 cloak
rCorr   .          Rampage  .   (no gloves)
Will    .....                   (no boots)
Stlth   ..........              (no amulet)
HPRegen 0.11/turn               i - ring of flight
MPRegen 0.08/turn               (no ring)

@: flying, hasted, very quick
A: horns 2, retaliatory headbutt
a: no special abilities


You were on level 2 of the Dungeon.
You visited 1 branch of the dungeon, and saw 2 of its levels.

You collected 39 gold pieces.

Inventory:

Hand Weapons
 a - a +0 war axe (weapon)
Armour
 b - a +0 scale mail (worn)
 c - a +0 buckler (worn)
 e - a +0 cloak (worn)
Jewellery
 i - a ring of flight (left hand)
 j - a ring of positive energy
Scrolls
 g - a scroll of identify {unknown}
 h - a scroll of torment {unknown}
Potions
 d - a potion of might


   Skills:
 + Level 4.0 Fighting
 + Level 3.1 Axes
 + Level 3.9 Armour
 + Level 4.2 Shields


You had 2 spell levels left.
You didn't know any spells.
Your spell library was empty.

Dungeon Overview and Level Annotations

Branches:
Dungeon (2/15)

Altars:


Innate Abilities, Weirdness & Mutations

You have a pair of horns on your head.
You reflexively headbutt those who attack you in melee.


Message History

You barely miss the gnoll. x2; The gnoll barely misses you.
You furiously retaliate!
You headbutt the gnoll, but do no damage.
The gnoll hits you with a +0 whip. The gnoll barely misses you.
The gnoll hits you with a +0 club.
Your Fighting skill increases to level 4!
The gnoll barely misses you.
Things that are here:
a +0 club; a goblin corpse A dart slug comes into view.
The dart slug moves out of view.
You hit the gnoll.
The gnoll is moderately wounded.
The gnoll hits you with a +0 whip! The gnoll closely misses you.
You block the gnoll's attack.
You are too injured to fight recklessly!
You are too injured to fight recklessly!
You slash the gnoll! You headbutt the gnoll.
The gnoll is almost dead.
The gnoll completely misses you.
A ball python comes into view.
The gnoll hits you from afar with a +0 halberd!
* * * LOW HITPOINT WARNING * * *
It was a potion of haste.
You feel yourself speed up. You block the gnoll's attack. x2
The dart slug closely misses you.
You hit the gnoll.
You kill the gnoll!
You slash the dart slug! The gnoll barely misses you.
The dart slug launches a dart at you.
The slug dart hits you but does no damage.
Your Axes skill increases to level 3!
You have reached level 3!
Your experience leads to an increase in your attributes!
Increase (S)trength, (I)ntelligence, or (D)exterity?
You feel stronger. x2
You slash the dart slug!
You kill the dart slug!
The gnoll hits you from afar with a +0 halberd!
You die...

#. #.
.. #.#
. ..#
.#
###.#
###.
...#
#..
#.###.#
#..##@#
#.gg).#
#..####
#...#
##..#
#..#
...#
##..
#.#


You could see 2 gnolls.

Vanquished Creatures
  A gnoll (D:2)
  A dart slug (D:2)
  A ball python (D:1)
  An endoplasm (D:2)
  6 goblins
  A hobgoblin (D:1)
  2 quokkas (D:1)
  4 bats
  3 kobolds (D:1)
  2 rats (D:1)
22 creatures vanquished.

Notes
Turn   | Place    | Note
-------+----------+-------------------------------------------
     0 | D:1      | Fallenstar the Minotaur Fighter began the quest for the
                  | Orb.
     0 | D:1      | Reached XP level 1. HP: 19/19 MP: 0/0
   235 | D:1      | Reached XP level 2. HP: 27/27 MP: 1/1
   256 | D:1      | Found a faded altar of an unknown god.
   821 | D:2      | Reached XP level 3. HP: 7/33 MP: 2/2
   821 | D:2      | Slain by a gnoll

Illustrated notes

Levels and vault maps discovered:
D:1:      grunt_arrival_lava_bath, layout_basic,
          shapermc_ecumenical_altar_mp_urbaneastern, minmay_octomino_j4
D:2:      layout_basic, serial_bayou_pond_e

Skill      XL: |  1  2 |
---------------+-------+-----
Shields        | 4 |  4.2
Fighting       | 4 |  4.0
Axes           | 3 |  3.1
Armour         | |  3.9

Action                   || total
-------------------------++-------
Melee: War axe           ||    50
       Headbutt          ||     6
  Use: Potion            ||     1
Armor: Scale mail        ||    28
Dodge: Dodged            ||    27
Block: Buckler           ||    14
